 Dungeon Crawl Stone Soup version 0.31-a0-345-g1ebeae05c6 (webtiles) character file.

Game seed: 13029961826651975957

241 zazu2006 the Charlatan (level 6, -1/47 HPs)
             Began as a Gnoll Wanderer on July 22, 2023.
             Slain by Grinder (9 damage)
             ... on level 3 of the Dungeon.
             The game lasted 00:05:07 (2465 turns).

zazu2006 the Charlatan (Gnoll Wanderer)             Turns: 2465, Time: 00:05:08

Health: -1/47      AC:  3    Str: 11    XL:     6   Next: 8%
Magic:  11/11      EV: 11    Int: 10    God:
Gold:   154        SH:  0    Dex: 15    Spells: 11/11 levels left

rFire   . . .        p - +11 Singing Sword {sonic wave}
rCold   . . .        (no shield)
rNeg    . . .        e - +0 leather armour
rPois   .            (no helmet)
rElec   .            (no cloak)
rCorr   .            (no gloves)
SInv    .            (no boots)
Will    .....        (no amulet)
Stlth   ++           (no ring)
HPRegen 0.27/turn    (no ring)
MPRegen 0.12/turn

%: no passive effects
@: no status effects
A: fangs 1, strong nose, distributed training
a: no special abilities


You were on level 3 of the Dungeon.
You visited 1 branch of the dungeon, and saw 4 of its levels.

You collected 154 gold pieces.

Inventory:

Hand Weapons
 a - a +2 hand axe
 h - a +2 dagger of protection
 n - a +0 long sword
 p - the +11 Singing Sword (weapon) {sonic wave}
   (You found it on level 2 of the Dungeon)
Armour
 e - a +0 leather armour (worn)
 j - a +0 buckler
Wands
 c - a wand of polymorph (7) (quivered)
Scrolls
 d - 2 scrolls of fear
 k - a scroll of butterflies {unknown}
 l - 2 scrolls of teleportation
 m - a scroll of blinking {unknown}
 q - a scroll of identify
Potions
 b - a potion of lignification
 f - a potion of attraction
 g - 2 potions of cancellation {unknown}
 i - a potion of resistance
 o - 2 potions of magic {unknown}


   Skills:
 + Level 3.1 Fighting
 + Level 1.8 Short Blades
 + Level 1.8 Long Blades
 + Level 6.8 Axes
 + Level 1.8 Maces & Flails
 + Level 1.8 Polearms
 + Level 1.8 Staves
 + Level 1.8 Ranged Weapons
 + Level 1.8 Throwing
 + Level 3.1 Armour
 + Level 1.8 Dodging
 + Level 1.8 Stealth
 + Level 1.8 Shields
 + Level 3.1 Unarmed Combat
 + Level 3.3 Spellcasting
 + Level 1.4 Conjurations
 + Level 1.4 Hexes
 + Level 1.4 Summonings
 + Level 1.4 Necromancy
 + Level 1.4 Translocations
 + Level 1.4 Transmutations
 + Level 1.4 Fire Magic
 + Level 1.4 Ice Magic
 + Level 1.4 Air Magic
 + Level 1.4 Earth Magic
 + Level 1.4 Poison Magic
 + Level 2.0 Invocations
 + Level 6.8 Evocations
 + Level 1.4 Shapeshifting


You had 11 spell levels left.
You didn't know any spells.
Your spell library contained the following spells:

 Spells                   Type           Power      Damage    Failure   Level
 Conjure Ball Lightning   Conj/Air       2%         3x3d6     100%        6
 Discord                  Hex            2%         N/A       100%        8
 Disjunction              Tloc           2%         N/A       100%        8


Dungeon Overview and Level Annotations

Branches:
Dungeon (4/15)
 Temple: D:4-7

Altars:

Shops:
D:4 *

Annotations:
D:3 Grinder, Sigmund


Innate Abilities, Weirdness & Mutations

You have very sharp teeth.
Your uncanny sense of smell can sniff out nearby items.
Your experience applies equally to all skills.


Message History

You see here a +0 robe.
There is a stone staircase leading down here.
You climb downwards.
Level annotation: Grinder, Sigmund The ball python hisses angrily.
There is a stone staircase leading up here.
A ball python is nearby!
A ball python is nearby!
You slash the ball python!
You kill the ball python!
You now have 154 gold pieces (gained 10).
There are monsters nearby!
Grinder blinks!
You slice the frilled lizard!!
You kill the frilled lizard!
You start waiting.
Grinder is nearby!
Grinder hits you.
You writhe in agony.
You closely miss Grinder.
Grinder blinks!
You see here a frilled lizard corpse.
Grinder gestures at you.
You suddenly lose the ability to move!
Grinder hits you but does no damage.
You can move again.
Unknown command.
Unknown command.
You slash Grinder! Your bite misses Grinder.
Grinder is moderately wounded.
Grinder barely misses you. Grinder hits you.
You hit Grinder.
Grinder is heavily wounded.
Grinder hits you!
You writhe in agony.
You barely miss Grinder.
Grinder is heavily wounded.
Grinder hits you.
* * * LOW HITPOINT WARNING * * *
You writhe in agony.
* * * LOW HITPOINT WARNING * * *
Grinder hits you!
You die...

#.####.###l#.#.# .#∆ #.
∆ #. #.# #.#.#.# .# ..
# #.# #.....# .# #..
#.# #...#.####.# #.#
#.####.........# #.#
#.....[.#.###### #.#
######..#.# #.# #..#5#
#.< #.<#@# ####..
#..#†###########.....
.l..#.............##.#
###.@############..##.#
...# #..##.# ....)
#####.# ##.#. #.# #. .
#.# #.#


You could see Grinder.

Vanquished Creatures
  An iguana (D:3)
  Natasha (thrice) (D:2)
  Terence (D:2)
  3 adders
  4 worms
  4 dart slugs
  5 endoplasms (D:2)
  5 giant cockroaches
  8 goblins
  6 hobgoblins
  4 quokkas
  7 ball pythons
  3 bats (D:1)
  4 frilled lizards
  8 kobolds
  4 rats
70 creatures vanquished.

Notes
Turn   | Place    | Note
-------+----------+-------------------------------------------
     0 | D:1      | zazu2006 the Gnoll Wanderer began the quest for the Orb.
     0 | D:1      | zazu2006 set off with the following items: a +2 hand axe, a
                  | potion of lignification, a wand of polymorph (7), a scroll
                  | of fear, a +0 leather armour.
     0 | D:1      | Reached XP level 1. HP: 17/17 MP: 4/4
   199 | D:1      | Reached XP level 2. HP: 23/23 MP: 5/5
   461 | D:1      | Reached XP level 3. HP: 27/28 MP: 7/7
   604 | D:2      | Reached skill level 1 in Invocations
   656 | D:2      | You fall into a shaft and drop 2 floors!
   728 | D:4      | Found Ybliedd's General Store.
   784 | D:4      | Reached skill level 1 in Short Blades
   784 | D:4      | Reached skill level 1 in Long Blades
   784 | D:4      | Reached skill level 1 in Maces & Flails
   784 | D:4      | Reached skill level 1 in Polearms
   784 | D:4      | Reached skill level 1 in Staves
   784 | D:4      | Reached skill level 1 in Ranged Weapons
   784 | D:4      | Reached skill level 1 in Throwing
   784 | D:4      | Reached skill level 1 in Dodging
   784 | D:4      | Reached skill level 1 in Stealth
   784 | D:4      | Reached skill level 1 in Shields
  1257 | D:3      | Reached XP level 4. HP: 15/34 MP: 8/8
  1260 | D:3      | Reached skill level 1 in Conjurations
  1260 | D:3      | Reached skill level 1 in Hexes
  1260 | D:3      | Reached skill level 1 in Summonings
  1260 | D:3      | Reached skill level 1 in Necromancy
  1260 | D:3      | Reached skill level 1 in Translocations
  1260 | D:3      | Reached skill level 1 in Transmutations
  1260 | D:3      | Reached skill level 1 in Fire Magic
  1260 | D:3      | Reached skill level 1 in Ice Magic
  1260 | D:3      | Reached skill level 1 in Air Magic
  1260 | D:3      | Reached skill level 1 in Earth Magic
  1260 | D:3      | Reached skill level 1 in Poison Magic
  1260 | D:3      | Reached skill level 1 in Shapeshifting
  1345 | D:3      | Noticed Grinder
  1352 | D:3      | Noticed Sigmund
  1635 | D:2      | Reached XP level 5. HP: 32/40 MP: 9/9
  1706 | D:2      | Found the +11 Singing Sword {sonic wave}
  1716 | D:2      | Noticed Natasha
  1718 | D:2      | Killed Natasha
  1900 | D:2      | Noticed Terence
  1908 | D:2      | Killed Terence
  1994 | D:2      | Noticed Natasha
  2001 | D:2      | Killed Natasha
  2098 | D:2      | Noticed Natasha
  2101 | D:2      | Killed Natasha
  2102 | D:2      | Reached XP level 6. HP: 47/47 MP: 9/11
  2459 | D:3      | Paralysed by Grinder for 4 turns
  2465 | D:3      | Slain by Grinder

Illustrated notes

Levels and vault maps discovered:
D:1:      dpeg_arrival_snail, layout_basic, minmay_strange_pillars
D:2:      layout_basic, uniq_natasha, uniq_terence
D:3:      layout_loops_ring, lemuel_doored_altar,
          amcnicky_mini_corridor_feature, uniq_sigmund, uniq_grinder, uniq_robin
D:4:      layout_basic, dk_vineyard_2, amethyst_killhole,
          nicolae_inconvenience_store

Skill      XL: |  1  2  3  4  5 |
---------------+----------------+-----
Invocations    | 1 2 |  2.0
Short Blades   | 1 |  1.8
Long Blades    | 1 |  1.8
Maces & Flails | 1 |  1.8
Polearms       | 1 |  1.8
Staves         | 1 |  1.8
Ranged Weapons | 1 |  1.8
Throwing       | 1 |  1.8
Dodging        | 1 |  1.8
Stealth        | 1 |  1.8
Shields        | 1 |  1.8
Spellcasting   | 3 |  3.3
Conjurations   | 1 |  1.4
Hexes          | 1 |  1.4
Summonings     | 1 |  1.4
Necromancy     | 1 |  1.4
Translocations | 1 |  1.4
Transmutations | 1 |  1.4
Fire Magic     | 1 |  1.4
Ice Magic      | 1 |  1.4
Air Magic      | 1 |  1.4
Earth Magic    | 1 |  1.4
Poison Magic   | 1 |  1.4
Shapeshifting  | 1 |  1.4
Fighting       | 3 |  3.1
Armour         | 3 |  3.1
Unarmed Combat | 3 |  3.1
Axes           | |  6.8
Evocations     | |  6.8

Action                     |  1- 3 |  4- 6 || total
---------------------------+-------+-------++-------
  Melee: Hand axe          |    11 |       ||    11
         Dagger            |   129 |    63 ||   192
         Bite              |    13 |    11 ||    24
         Punch             |     1 |     1 ||     2
         Double sword      |       |    24 ||    24
    Use: Scroll            |     3 |       ||     3
   Stab: Sleeping          |     2 |     2 ||     4
 Armour: Leather armour    |    45 |    35 ||    80
  Dodge: Dodged            |    76 |    46 ||   122

Table legend: (Time is in decaauts)
 A = Elapsed time spent in this place.
 B = Non-inter-level travel time spent in this place.
 C = Inter-level travel time spent in this place.
 D = Time resting spent in this place.
 E = Time spent auto-exploring this place.
 F = Levels seen in this place.
 G = Mean time per level.
                   A        B        C        D        E       F      G
               +--------+--------+--------+--------+--------+-----+--------+
         Total |   2464 |   2393 |     71 |      6 |   1713 |   4 |  616.0 |
       Dungeon |   2464 |   2393 |     71 |      6 |   1713 |   4 |  616.0 |
               +--------+--------+--------+--------+--------+-----+--------+

Top non-repeatable levels by time:
     D:2: 1118 daAuts
     D:1: 590 daAuts
     D:4: 484 daAuts
     D:3: 271 daAuts
